Map: [ESL] Dragon Scales

Players

Geralt (Gerald)

  • Race: Protoss Protoss
  • League: Grandmaster
  • Spawn Location: 11:00

HeroMarine - Winner!

  • Race: Terran Terran
  • Spawn Location: 5:00

Event: HomeStory Cup XXIII

VOD

Have the link to the VOD?

Description

Time

  • Played on: June 30, 2023, 1:05 p.m.
  • Length: 7:39

All games in this series

Show
View Real Time Build Order
Export as new Build Order

Geralt Protoss 

Build Orders: 1 Gate Expand, Phoenix Opening, Blink Stalkers 

Get SALT Encoding   

  12  0:00  Probe  
  13  0:12  Probe  
  14  0:17  Pylon  
  14  0:24  Probe (Chrono Boost)  
  16  0:37  Probe (Chrono Boost), Gateway  
  16  0:42  Probe (Chrono Boost)  
  16  0:45  Assimilator  
  17  0:51  Probe  
  18  1:04  Probe  
  19  1:16  Probe  
  20  1:24  Cybernetics Core  
  22  1:32  Nexus  
  20  1:35  Probe  
  21  1:41  Pylon  
  21  1:46  Assimilator  
  21  1:48  Probe  
  22  1:57  Adept (Chrono Boost)  
  22  2:00  Probe  
  25  2:13  Probe  
  26  2:16  Stargate  
  26  2:21  Adept  
  28  2:25  Probe  
  29  2:33  Warp Gate  
  29  2:37  Probe  
  30  2:49  Probe  
  30  2:50  Probe  
  32  2:57  Pylon  
  32  3:00  Phoenix  
  32  3:01  Probe, Adept  
  32  3:02  Probe  
  38  3:06  Assimilator  
  38  3:14  Probe (Chrono Boost)  
  38  3:16  Probe (Chrono Boost)  
  38  3:17  Twilight Council  
  40  3:26  Probe (Chrono Boost)  
  42  3:29  Probe (Chrono Boost)  
  42  3:32  Probe (Chrono Boost)  
  43  3:37  Probe (Chrono Boost)  
  45  3:43  Gateway  
  45  3:46  Probe x2 (Chrono Boost)  
  45  3:47  Blink (Chrono Boost)  
  46  3:52  Probe  
  46  3:53  Probe  
  48  4:01  Gateway  
  48  4:04  Probe  
  48  4:05  Probe  
  48  4:07  Gateway  
  48  4:09  Pylon  
  50  4:14  Pylon  
  50  4:16  Probe  
  51  4:17  Phoenix  
  53  4:27  Stalker  
  57  4:37  Nexus  
  57  4:39  Stalker  
  57  4:47  Probe  
  57  4:51  Stalker  
  57  4:52  Probe  
  61  4:59  Probe  
  62  5:00  Stalker  
  62  5:03  Stalker x2  
  62  5:05  Probe  
  69  5:11  Probe  
  69  5:13  Forge  
  70  5:19  Forge  
  70  5:23  Charge (Chrono Boost)  
  70  5:29  Pylon  
  70  5:31  Shield Battery  
  70  5:34  Probe (Chrono Boost)  
  63  5:38  Probe (Chrono Boost)  
  63  5:46  Probe (Chrono Boost)  
  65  5:50  Probe (Chrono Boost)  
  65  5:51  Probe (Chrono Boost)  
  65  5:54  Probe  
  67  5:58  Probe  
  67  5:59  Templar Archives  
  67  6:00  Probe  
  67  6:03  Gateway  
  69  6:06  Probe  
  69  6:10  Probe  
  71  6:13  Probe  
  72  6:18  Probe  
  72  6:23  Probe  
  72  6:24  Zealot  
  72  6:25  Probe, Zealot x2  
  81  6:30  Probe  
  82  6:33  Zealot  
  82  6:35  Probe  
  82  6:37  Probe, Shield Battery  
  82  6:38  Pylon  
  86  6:42  Probe  
  86  6:47  Probe  
  86  6:48  Stalker x3  
  86  6:54  High Templar  
  86  7:00  Zealot  
  75  7:12  Zealot x3  
  75  7:14  Probe  
  57  7:19  Probe  
  57  7:21  Stalker  
  58  7:27  Zealot  
Show
View Real Time Build Order
Export as new Build Order

HeroMarine Terran - Winner!

Build Orders: Reaper Expand 

Get SALT Encoding   

  12  0:00  SCV  
  13  0:12  SCV  
  14  0:16  Supply Depot  
  14  0:24  SCV  
  15  0:38  SCV  
  15  0:39  Barracks  
  16  0:43  Refinery  
  16  0:50  SCV  
  17  1:02  SCV  
  18  1:14  SCV  
  19  1:27  Orbital Command, Reaper  
  20  1:39  Command Center  
  20  1:47  Supply Depot  
  20  1:52  SCV  
  21  1:58  Marine  
  22  2:04  SCV  
  22  2:06  Factory  
  23  2:11  Refinery  
  23  2:16  Marine, SCV  
  25  2:22  Bunker  
  25  2:28  SCV  
  26  2:35  Barracks Reactor  
  26  2:40  SCV  
  27  2:50  Hellion  
  29  2:53  SCV, Starport  
  29  2:58  Orbital Command  
  30  3:05  SCV  
  31  3:11  Widow Mine  
  31  3:12  Marine x2  
  35  3:17  SCV  
  36  3:20  Supply Depot  
  36  3:23  SCV  
  37  3:29  SCV  
  37  3:30  Medivac  
  37  3:31  Marine x2  
  42  3:35  SCV  
  42  3:39  Supply Depot  
  43  3:43  Widow Mine  
  43  3:46  SCV  
  43  3:48  SCV  
  47  3:49  Marine x2  
  49  3:58  SCV  
  49  4:00  Barracks, SCV  
  49  4:01  Starport Tech Lab  
  51  4:06  Factory Tech Lab  
  51  4:07  Marine x2  
  53  4:10  SCV  
  53  4:12  SCV  
  53  4:16  Supply Depot  
  55  4:21  Raven  
  59  4:25  Marine x2  
  59  4:28  Cyclone  
  59  4:29  Barracks, SCV  
  62  4:38  SCV  
  63  4:40  Supply Depot  
  63  4:41  SCV  
  63  4:42  Marine  
  63  4:43  Marine  
  63  4:44  Engineering Bay  
  66  4:50  SCV  
  67  4:53  SCV  
  67  4:59  Supply Depot  
  68  5:00  Marine x2  
  68  5:01  Refinery  
  68  5:02  Stimpack, SCV  
  68  5:06  SCV  
  71  5:10  Marauder, Starport Reactor  
  72  5:14  SCV  
  72  5:16  Factory Reactor  
  72  5:18  Marine x2  
  72  5:20  Refinery, Supply Depot  
  75  5:23  SCV  
  75  5:26  SCV  
  75  5:27  Terran Infantry Weapons Level 1  
  77  5:31  Marauder  
  77  5:35  SCV  
  80  5:36  Marine x2  
  80  5:37  Combat Shield  
  80  5:38  Marauder, SCV  
  85  5:48  Supply Depot  
  85  5:49  Supply Depot  
  85  5:52  Marine  
  85  5:54  Marine  
  85  5:56  Medivac x2  
  89  6:00  Widow Mine  
  89  6:01  Marauder  
  93  6:05  Supply Depot  
  93  6:06  Marine  
  93  6:08  SCV  
  93  6:09  SCV  
  93  6:10  Marauder  
  94  6:11  Marine  
  94  6:13  Widow Mine, Supply Depot  
  97  6:22  Marauder  
  97  6:23  SCV x2  
  99  6:25  Marine  
  99  6:28  Widow Mine  
  99  6:29  Marine  
  99  6:32  Marauder  
  104  6:34  Widow Mine, Medivac  
  104  6:35  Medivac  
  110  6:44  Marauder  
  105  6:47  Marine x2  
  105  6:48  SCV  
  105  6:49  SCV  
  105  6:53  Marauder, Concussive Shells  
  110  6:55  Widow Mine x2  
  110  7:01  SCV x2  
  116  7:07  Marauder  
  115  7:08  Marine x2  
  115  7:15  Marauder  
  114  7:16  Widow Mine  
  111  7:29  Command Center  
Tags
 
Add a new tag
Caveats
  • Supply blocks, unpowered buildings, or Contaminate may cause inaccurate times.
  • Supply counts are checked every 10 seconds.